 Dungeon Crawl Stone Soup version 0.26.1-2-gb8aa6d0cf2 (console) character file.

Game seed: 5228702158902822554

44057 om the Impaler (level 14, -12/105 HPs)
             Began as a Merfolk Berserker on Feb 26, 2021.
             Was an Elder of Trog.
             Mangled by an orc warrior
             ... wielding a +0 battleaxe
             ... summoned by an orange crystal statue
              (14 damage)
             ... on level 1 of the Orcish Mines.
             The game lasted 00:52:45 (28852 turns).

om the Impaler (Merfolk Berserker)                 Turns: 28852, Time: 00:52:46

Health: -12/105    AC: 16    Str: 20      XL:     14   Next: 27%
Magic:  1/14       EV: 19    Int:  5 (9)  God:    Trog [****..]
Gold:   1723       SH:  0    Dex: 15      Spells: 13/13 levels left

rFire    + . .     SeeInvis .   S - +0 trident (venom)
rCold    + . .     Faith    .   l - +1 buckler
rNeg     . . .     Spirit   .   A - +3 scale mail {rF+}
rPois    .         Reflect  +   (no helmet)
rElec    .         Harm     .   Y - +0 cloak (curse)
rCorr    .         Rampage  .   k - +0 pair of gloves
Will     +....                  v - +0 pair of boots
Stlth    ..........             y - amulet of reflection
HPRegen  0.27/turn              M - ring "Gepnibb" {rC+ Int+2}
MPRegen  0.14/turn              (no ring)

@: confused, berserk cooldown, slowed, studying Polearms, very slow
A: change form in water, swift swim, stealthy swim
a: Renounce Religion, Berserk, Trog's Hand, Brothers in Arms


You were on level 1 of the Orcish Mines.
You worshipped Trog.
Trog was greatly pleased with you.
You visited 4 branches of the dungeon, and saw 18 of its levels.

You collected 1723 gold pieces.

Inventory:

Hand Weapons
 a - a +3 trident
 S - a +0 trident of venom (weapon)
Missiles
 p - 14 javelins
 Q - 32 poisoned darts
 R - 25 boomerangs (quivered)
Armour
 k - a +0 pair of gloves (worn)
 l - a +1 buckler (worn)
 v - a +0 pair of boots (worn)
 A - a +3 scale mail of fire resistance (worn)
 Y - a cursed +0 cloak (worn)
Jewellery
 s - an uncursed ring of fire
 y - an amulet of reflection (around neck)
 B - an uncursed ring of fire
 M - the ring "Gepnibb" (left hand) {rC+ Int+2}
   (You took it off Josephine on level 10 of the Dungeon)

   [ring of protection from cold]

   It affects your intelligence (+2).
   It protects you from cold.
 T - an uncursed amulet of faith
 W - an uncursed ring of protection from fire {unknown}
Wands
 f - a wand of polymorph (18)
 j - a wand of enslavement (14)
 n - a wand of random effects (24)
 o - a wand of digging (9)
 q - a wand of flame (12)
 F - a wand of disintegration (9)
 I - a wand of paralysis (1)
Scrolls
 b - a scroll of random uselessness {unknown}
 c - 4 scrolls of enchant armour
 g - a scroll of fog {unknown}
 i - 5 scrolls of teleportation
 m - 5 scrolls of remove curse
 r - 2 scrolls of amnesia
 x - 3 scrolls of enchant weapon
 D - 2 scrolls of magic mapping
 E - a scroll of identify
 G - 2 scrolls of brand weapon {unknown}
 H - 3 scrolls of fear
 K - a scroll of immolation
 V - a scroll of vulnerability {unknown}
Potions
 d - 7 potions of ambrosia
 e - a potion of attraction
 h - 9 potions of flight
 t - 2 potions of haste
 u - a potion of berserk rage
 w - a potion of might
 z - 3 potions of lignification
 C - 2 potions of resistance {unknown}
 J - 3 potions of brilliance
 L - 3 potions of magic {unknown}
 N - a potion of cancellation {unknown}
 O - a potion of degeneration {unknown}
Books
 U - a manual of Polearms


   Skills:
 - Level 8.0 Fighting
 * Level 16.6 Polearms
 * Level 10.2 Throwing
 - Level 10.0 Armour
 - Level 14.0 Dodging
 - Level 5.0 Shields
 - Level 5.0 Evocations


You had 13 spell levels left.
You didn't know any spells.
Your spell library was empty.

Dungeon Overview and Level Annotations

Branches:
Dungeon (13/15)            Temple (1/1) D:4            Lair (2/6) D:11
  Snake (0/4) Lair:2          Orc (2/2) D:9             Elf (0/3) Orc:2
  Swamp: Lair:2-4    Shoals: Lair:2-4    Vaults: D:13-14

Altars:
Ashenzari
Cheibriados
Dithmenos
Elyvilon
Fedhas
Gozag
Hepliaklqana
Kikubaaqudgha
Makhleb
Nemelex Xobeh
Okawaru
Qazlal
Ru
Sif Muna
Trog
Uskayaw
Vehumet
Wu Jian
Xom
Yredelemnul
Zin
The Shining One

Shops:
D:4 =   Orc:2 ::(:

Annotations:
Orc:1 1 runed translucent door, exclusion: 3 orange crystal statues


Message History

The orc wizard hits your ogre with a +0 dagger.
The orc wizard mumbles some strange words.
The orc wizard blinks!
Your ogre misses you.
The orc warrior hits your ogre with a +0 mace!!
The orange crystal statue fixes its piercing gaze on you.
Something tries to feed on your intellect!
The orc priest looks encouraged for a moment.
Unknown command.
Are you sure you want to stumble around while confused and next to your ogre?
You hit the orc warrior but do no damage.
The orc warrior is poisoned.
You kill the orc!
The orc's corpse dissolves into shadows!
The orc wizard points at you and mumbles some strange words.
The magic dart hits your ogre!
Your ogre dies!
Your ogre's corpse disappears in a puff of smoke!
The ogre completely misses you.
The orc warrior hits you with a +0 battleaxe!
You die...

##.......# ### ##. #.......##
##.## #.. ##.....## ##...# ###..
#.....# ##...#####....
###.....####....#.##.....
####.#..[..)).........#.....
##.#.....))#########.........
#...#......#o.....8#..##.....
##.........#o#o..#.#..##....) ###
##........#§ooo...#...#...#.
#.####........oo@Oooo..+..##.....
....#........#.#oooo...#.###.....
............#..#o#oo.#.#.........
...............#8ooo..8#.........
.....#.........#########.........
.##..............................
.###.#......................#....
## ##......^..........#...####...
# ##.#.........###.###### ##.#
##.......#### ### ### ##...^###


You could see 3 orange crystal statues, 6 orc warriors, an ogre (summoned), 4
orc priests, 2 orc wizards and 9 orcs.

Vanquished Creatures
  A stone giant (Orc:2)
  Josephine (D:10)
  The ghost of Liyr the Gelid, a journeyman BaIE of Sif Muna (Lair:1)
  A boulder beetle (D:12)
  The ghost of hawla the Reanimator, a journeyman DECj of Vehumet (Lair:2)
  Harold (D:7)
  2 hydras
  6 two-headed ogres
  Erica (D:9)
  The ghost of slughead422 the Shield-Bearer, a novice FoFi of Dithmenos (D:8)
  Urug (D:11)
  An orc high priest (Orc:2)
  2 unseen horrors
  4 orc knights
  The ghost of rozman the Martial Artist, a novice DsGl of Makhleb (D:6)
  An ugly thing (D:12)
  5 orc sorcerers
  5 cane toads
  A centaur skeleton (D:11)
  5 komodo dragons
  A rime drake (Lair:2)
  A meliai (Lair:2)
  9 trolls
  2 queen bees
  Prince Ribbit (D:7)
  4 hornets
  8 blink frogs (Lair:1)
  A vampire (D:10)
  30 yaks
  A wyvern (D:10)
  Eustachio (D:4)
  5 wraiths
  Grum (D:11)
  A basilisk (D:10)
  3 wargs
  4 water moccasins
  22 orc warriors
  2 sky beasts (D:10)
  Purgy (D:4)
  3 ice beasts
  5 phantoms
  2 black bears
  A necrophage (D:10)
  2 wolves (D:11)
  13 ogres
  15 centaurs
  A big kobold (D:11)
  14 bullfrogs
  2 gnoll sergeants
  2 water moccasin zombies
  A water moccasin skeleton (D:10)
  4 scorpions
  13 killer bees
  9 wights
  A howler monkey (D:10)
  3 bullfrog zombies
  7 hounds
  8 jellies
  Crazy Yiuf (D:7)
  5 bullfrog skeletons
  18 orc priests
  21 orc wizards
  Jessica (D:2)
  3 iguanas
  Natasha (thrice) (D:2)
  10 worker ants
  A killer bee zombie (D:8)
  2 hound skeletons
  A killer bee simulacrum (D:6)
  A worker ant zombie (D:8)
  5 gnolls (D:11)
  17 adders
  A howler monkey skeleton (D:4)
  3 shadow imps
  A white imp (D:6)
  3 ufetubi
  2 oozes
  2 adder skeletons
  A worm (D:3)
  5 leopard geckos
  66 orcs
  2 ball pythons
  2 bats
  3 giant cockroaches
  3 goblins
  9 hobgoblins
  12 jackals
  6 quokkas
  4 frilled lizards
  7 kobolds
  A quokka zombie (D:6)
  6 rats
474 creatures vanquished.

Vanquished Creatures (collateral kills)
  2 orc high priests (Orc:2)
  An orange crystal statue (Orc:1)
  An orc knight (Orc:2)
  An orc sorcerer (Orc:2)
  An orc warrior (Orc:2)
  An orc wizard (Orc:2)
7 creatures vanquished.

Vanquished Creatures (others)
  5 killer bees (Lair:1)
  An orc priest (Orc:2)
  A kobold (D:11)
  A quokka (D:9)
  4 fungi
  19 plants
31 creatures vanquished.

Grand Total: 512 creatures vanquished

Notes
Turn   | Place    | Note
-------+----------+-------------------------------------------
     0 | D:1      | om the Merfolk Berserker began the quest for the Orb.
     0 | D:1      | Reached XP level 1. HP: 18/18 MP: 1/1
    99 | D:1      | Reached XP level 2. HP: 24/24 MP: 2/2
  1207 | D:2      | Reached skill level 5 in Polearms
  1207 | D:2      | Reached XP level 3. HP: 29/29 MP: 3/3
  1752 | D:2      | Noticed Natasha
  1754 | D:2      | Noticed Jessica
  1760 | D:2      | Killed Natasha
  1761 | D:2      | Reached XP level 4. HP: 37/37 MP: 4/4
  1765 | D:2      | Killed Jessica
  2023 | D:2      | Reached ** piety under Trog
  2130 | D:2      | Reached XP level 5. HP: 39/42 MP: 5/5
  2186 | D:2      | Noticed Natasha
  2201 | D:2      | Killed Natasha
  2202 | D:2      | Reached skill level 6 in Polearms
  2352 | D:2      | Noticed Natasha
  2361 | D:2      | Killed Natasha
  2433 | D:3      | Found a stormy altar of Qazlal.
  2438 | D:3      | Found a blossoming altar of Fedhas.
  2538 | D:3      | Reached skill level 5 in Dodging
  2815 | D:3      | Found a radiant altar of Vehumet.
  3160 | D:4      | Found a staircase to the Ecumenical Temple.
  3174 | D:4      | Reached XP level 6. HP: 48/48 MP: 6/6
  3199 | Temple   | Entered the Ecumenical Temple
  3507 | D:4      | Noticed Eustachio
  3534 | D:4      | Killed Eustachio
  3535 | D:4      | Reached XP level 7. HP: 50/54 MP: 7/7
  4001 | D:4      | Found a hazy altar of Hepliaklqana.
  4001 | D:4      | Noticed Purgy
  4011 | D:4      | Killed Purgy
  4328 | D:4      | Found Soujeh's Jewellery Shop.
  4350 | D:4      | Reached skill level 7 in Polearms
  4927 | D:5      | Entered Level 5 of the Dungeon
  4936 | D:5      | Reached *** piety under Trog
  5011 | D:5      | Reached XP level 8. HP: 55/60 MP: 8/8
  5498 | D:5      | Reached skill level 5 in Armour
  5504 | D:5      | Reached skill level 8 in Polearms
  6178 | D:6      | Found a hide-covered altar of Uskayaw.
  6228 | D:6      | Found a runed translucent gate.
  6230 | D:6      | Found a runed translucent gate.
  6232 | D:6      | Found a runed translucent gate.
  6233 | D:6      | Noticed rozman's ghost (novice DsGl)
  6271 | D:6      | Reached skill level 9 in Polearms
  7292 | D:6      | Reached skill level 10 in Polearms
  7448 | D:6      | Reached XP level 9. HP: 62/66 MP: 9/9
  7671 | D:6      | Reached skill level 5 in Fighting
  7910 | D:7      | Noticed Harold
  7930 | D:7      | Killed Harold
  8847 | D:7      | Noticed Prince Ribbit
  8853 | D:7      | Killed Prince Ribbit
  8854 | D:7      | Reached skill level 5 in Evocations
  9081 | D:7      | Found a runed translucent door.
  9082 | D:7      | Noticed Crazy Yiuf
  9134 | D:7      | You fall into a shaft and drop 2 floors!
  9178 | D:9      | Found a stormy altar of Qazlal.
  9226 | D:8      | Found a runed translucent door.
  9226 | D:8      | Noticed slughead422's ghost (novice FoFi)
  9314 | D:8      | Noticed a two-headed ogre
  9329 | D:8      | Killed a two-headed ogre
  9330 | D:8      | Reached XP level 10. HP: 76/76 MP: 10/10
  9781 | D:7      | Killed Crazy Yiuf
 10000 | D:8      | Reached **** piety under Trog
 10162 | D:8      | Reached skill level 1 in Shields
 11029 | D:9      | Noticed Erica
 11029 | D:9      | Paralysed by Erica for 2 turns
 11041 | D:9      | Paralysed by Erica for 5 turns
 11052 | D:9      | Paralysed by something for 4 turns
 11513 | D:9      | Found a white marble altar of Elyvilon.
 11872 | D:9      | Killed Erica
 12134 | D:9      | Found a staircase to the Orcish Mines.
 12274 | D:10     | Entered Level 10 of the Dungeon
 12554 | D:10     | Identified the ring "Gepnibb" {rC+ Int+2}
 12554 | D:10     | Noticed Josephine
 12569 | D:10     | Killed Josephine
 12570 | D:10     | Reached skill level 10 in Dodging
 12570 | D:10     | Reached skill level 5 in Shields
 12575 | D:10     | Reached XP level 11. HP: 72/81 MP: 11/11
 12576 | D:10     | Noticed a two-headed ogre
 13300 | D:9      | Found a stormy altar of Qazlal.
 13403 | D:9      | Found a staircase to the Orcish Mines.
 13436 | D:9      | Found a white marble altar of Elyvilon.
 13532 | D:9      | Found a white marble altar of Elyvilon.
 13543 | D:9      | Found a staircase to the Orcish Mines.
 13663 | D:9      | Killed a two-headed ogre
 13664 | D:9      | Reached skill level 11 in Polearms
 13804 | D:9      | Found a stormy altar of Qazlal.
 14203 | D:10     | Noticed a two-headed ogre
 14266 | D:9      | Killed a two-headed ogre
 14267 | D:9      | Reached skill level 12 in Polearms
 14650 | D:10     | Reached skill level 13 in Polearms
 15790 | D:11     | Reached ***** piety under Trog
 15840 | D:11     | Reached skill level 14 in Polearms
 16324 | D:6      | Killed rozman's ghost
 16429 | D:8      | Killed slughead422's ghost
 16632 | Orc:1    | Entered Level 1 of the Orcish Mines
 16669 | D:9      | Reached XP level 12. HP: 64/89 MP: 12/12
 16987 | D:9      | Reached skill level 1 in Throwing
 17967 | Orc:1    | Found a runed translucent door.
 17978 | Orc:1    | Found the +10 tower shield of Ignorance {rN+ Int-4}
 17991 | Orc:1    | Received a gift from Trog
 18048 | Orc:1    | Found a runed translucent door.
 18307 | Orc:2    | Entered Level 2 of the Orcish Mines
 19502 | Orc:2    | Found a staircase to the Elven Halls.
 19549 | Orc:2    | Found Agaf's Book Boutique.
 19588 | Orc:2    | Noticed an orc high priest
 19588 | Orc:2    | Noticed an orc high priest
 19598 | Orc:2    | Killed an orc high priest
 19614 | Orc:2    | Killed an orc high priest
 19897 | Orc:2    | Reached skill level 5 in Throwing
 20151 | Orc:2    | Noticed a stone giant
 20182 | Orc:2    | Killed a stone giant
 20472 | Orc:2    | Noticed an orc high priest
 20482 | Orc:2    | Killed an orc high priest
 20483 | Orc:2    | Reached XP level 13. HP: 98/98 MP: 13/13
 20765 | Orc:2    | Found Xapnapoe's Book Shoppe.
 20767 | Orc:2    | Found Nineo's Weapon Shoppe.
 21031 | Orc:2    | Found Bidgh's Book Boutique.
 22339 | D:11     | Reached skill level 10 in Armour
 22451 | D:11     | Found a staircase to the Lair.
 22527 | D:11     | Noticed Grum
 22536 | D:11     | Noticed Urug
 22576 | D:11     | Killed Urug
 22587 | D:11     | Killed Grum
 23803 | D:12     | Paralysed by a hornet for 1 turns
 24042 | D:12     | Received a gift from Trog
 25134 | Lair:1   | Entered Level 1 of the Lair of Beasts
 25429 | Lair:1   | Noticed Liyr's ghost (journeyman BaIE)
 25933 | Lair:1   | Found a transporter.
 25935 | Lair:1   | Found a transporter.
 26024 | Lair:1   | Killed Liyr's ghost
 26441 | Lair:1   | Reached skill level 15 in Polearms
 26874 | Lair:1   | Reached XP level 14. HP: 83/105 MP: 14/14
 26891 | Lair:1   | Found a shimmering blue altar of Sif Muna.
 27288 | Lair:2   | Found a staircase to the Snake Pit.
 27688 | Lair:2   | Found a transporter.
 27699 | Lair:2   | Noticed hawla's ghost (journeyman DECj)
 27766 | Lair:2   | Reached skill level 16 in Polearms
 27853 | Lair:2   | Found a transporter.
 27998 | Lair:2   | Reached skill level 10 in Throwing
 28445 | Lair:2   | Killed hawla's ghost
 28850 | Orc:1    | HP: 1/105 [orc warrior/+0 battleaxe[an orange crystal
                  | statue] (5)]
 28852 | Orc:1    | Mangled by an orc warrior

Illustrated notes

Levels and vault maps discovered:
D:1:      minmay_arrival_five_plusses, layout_basic
D:2:      layout_rooms, minmay_tetromino_o2, uniq_natasha, uniq_jessica
D:3:      layout_rooms, grunt_temple_overflow_forces_of_nature,
          general_overflow_altar
D:4:      layout_rooms, nzn_hepliaklqana_mist_gate, minmay_temple_entry_slanted,
          serial_shops, nicolae_shop_statue_plus, uniq_purgy, uniq_eustachio
D:5:      layout_rooms
D:6:      layout_loops_corners, overflow_temple_1_default,
          gammafunk_ghost_necromancy
D:7:      minmay_general_purpose_star, layout_loops_corners, uniq_harold,
          uniq_crazy_yiuf_cottage, uniq_prince_ribbit1
D:8:      layout_rooms, gammafunk_ghost_grave
D:9:      layout_irregular_city, elyvilon_altar_4, orc_0_dummy,
          nicolae_qazlal_style_of_elements, uniq_erica
D:10:     cheibrodos_ideogram_h, layout_loops_ring, grunt_ministairs_9,
          uniq_josephine
D:11:     layout_roguey, david_lair_shrubbed, minmay_fractal_squares_5,
          uniq_urug, uniq_grum
D:12:     layout_roguey, dk_noncrumbling_2, chequers_serial_rivers_micro_d,
          chequers_serial_rivers_micro_e
D:13:     layout_stronghold, erik_vaults_2
Temple:   regret_index_temple_sphere_string
Lair:1:   layout_cave_pods, basic_altar, gammafunk_ghost_hive, st_stairs_9
Lair:2:   layout_chaotic_city, guppyfry_snake_entry_garden, gammafunk_ghost_hive
Orc:1:    layout_caves, chequers_guarded_unrand_ignorance
Orc:2:    st_orc_elflike, layout_diamond_mine, nicolae_orc_tapped_out

Skill      XL: |  1  2  3  4  5  6  7  8  9 10 11 12 13 14 |
---------------+-------------------------------------------+-----
Dodging        | 3 4 5 6 8 10 11 13 14 | 14.0
Polearms       | 5 6 7 10 14 15 16 | 16.6
Armour         | 2 3 4 6 7 8 9 10 | 10.0
Fighting       | 4 6 8 |  8.0
Evocations     | 5 |  5.0
Shields        | 5 |  5.0
Throwing       | 5 9 10 | 10.2

Action                   |  1- 3 |  4- 6 |  7- 9 | 10-12 | 13-15 || total
-------------------------+-------+-------+-------+-------+-------++-------
Melee: Spear             |    88 |   197 |   493 |   141 |       ||   919
       Trident           |       |       |       |   984 |   965 ||  1949
       Tailslap          |       |       |       |     8 |       ||     8
Throw: Boomerang         |       |       |       |     9 |     5 ||    14
       Javelin           |       |       |       |     2 |       ||     2
Invok: Berserk           |     4 |     4 |    14 |    23 |     8 ||    53
       Trog's Hand       |       |       |     1 |       |       ||     1
       Brothers in Arms  |       |       |       |     2 |     1 ||     3
Evoke: Wand              |       |       |       |     3 |       ||     3
  Use: Scroll            |       |     4 |     4 |     8 |     4 ||    20
       Potion            |       |       |     1 |     1 |     7 ||     9
 Stab: Sleeping          |       |     2 |       |       |       ||     2
       Distracted        |       |       |       |       |     1 ||     1
Armor: Animal skin       |     9 |    11 |       |       |       ||    20
       Ring mail         |       |    31 |    81 |       |       ||   112
       Scale mail        |       |       |    26 |   175 |   155 ||   356
       Skin              |       |       |       |       |    34 ||    34
Dodge: Dodged            |    50 |   114 |   199 |   452 |   381 ||  1196
Block: Other             |       |       |    22 |     6 |       ||    28
       Buckler           |       |       |       |   412 |   355 ||   767
       Reflection        |       |       |       |    32 |     2 ||    34
